 Dungeon Crawl Stone Soup version 0.26-b1-32-g5d43845318 (webtiles) character file.

Game seed: 6096010771051860662

277228 EnegeticOcto the Champion of Chaos (level 19, -4/186 HPs)
             Began as a Deep Dwarf Fighter on Jan 11, 2021.
             Was the Champion of Makhleb.
             Slain by an ettin
             ... wielding a +0 dire flail
              (10 damage)
             ... on level 5 of the Depths.
             The game lasted 00:20:59 (18940 turns).

EnegeticOcto the Champion of Chaos (DDFi)          Turns: 18940, Time: 00:20:59

Health: -4/186     AC: 31    Str: 27    XL:     19   Next: 17%
Magic:  0/0        EV:  9    Int: 10    God:    Makhleb [******]
Gold:   1284       SH: 17    Dex: 12    Spells: 18/18 levels left

rFire    + . .     SeeInvis +   M - +3 war axe (elec)
rCold    + . .     Faith    +   k - +3 kite shield
rNeg     + . .     Spirit   .   V - +3 chain mail {Will+}
rPois    +         Reflect  .   l - +2 helmet {SInv}
rElec    .         Harm     .   z - +2 cloak {rPois}
rCorr    .         Rampage  +   u - +2 pair of gloves
Will     +++..                  T - +2 pair of boots {rampage}
Stlth    ..........             b - amulet of faith
HPRegen  0.00/turn              O - ring of protection from fire
MPRegen  0.07/turn              E - ring of protection from cold

@: non-regenerating
A: damage resistance, heal wounds, negative energy resistance 1, sense
surroundings 3, no regeneration
}: 3/15 runes: serpentine, barnacled, abyssal
a: Heal Wounds, Renounce Religion, Minor Destruction, Lesser Servant of Makhleb,
Major Destruction, Greater Servant of Makhleb


You were on level 5 of the Depths.
You worshipped Makhleb.
Makhleb was exalted by your worship.
You visited 7 branches of the dungeon, and saw 35 of its levels.
You visited the Abyss 2 times.
You also visited: Bailey and Ice Cave.

You collected 3102 gold pieces.
You spent 1818 gold pieces at shops.

Inventory:

Hand Weapons
 a - a +3 broad axe of pain
 d - a +1 dagger of distortion
 g - the +5 broad axe of Qaarchoc {speed, rN+ Will- Str+4}
   (You bought it in a shop on level 2 of the Depths)

   Attacks with this weapon are significantly faster.
   It affects your strength (+4).
   It protects you from negative energy.
   It affects your willpower, your defense against some magical effects.
 M - a +3 war axe of electrocution (weapon)
Missiles
 v - 2 throwing nets
Armour
 k - a +3 kite shield (worn)
 l - a +2 helmet of see invisible (worn)
 u - a +2 pair of gloves (worn)
 z - a +2 cloak of poison resistance (worn)
 P - a +1 chain mail of cold resistance
 T - a +2 pair of boots of rampaging (worn)
 V - a +3 chain mail of willpower (worn)
Jewellery
 b - an amulet of faith (around neck)
 c - a +4 ring of evasion
 y - an uncursed ring of positive energy
 D - a +4 ring of slaying
 E - a ring of protection from cold (right hand)
 O - a ring of protection from fire (left hand)
 W - the amulet of Wonder {Spirit rF+}
   (You found it on level 4 of the Depths)

   [amulet of guardian spirit]

   It causes incoming damage to be split between your health and magic.
   It protects you from fire.
 Z - an uncursed ring of poison resistance {unknown}
Wands
 h - a wand of paralysis (30)
 o - a wand of enslavement (22)
 C - a wand of iceblast (25) {@v2}
 H - a wand of polymorph (12)
 K - a wand of digging (2) {@v3}
 X - a wand of disintegration (14)
Scrolls
 j - 15 scrolls of remove curse {@r2}
 n - 4 scrolls of fear
 s - a scroll of magic mapping {@r5}
 t - a scroll of summoning
 w - a scroll of fog
 F - 6 scrolls of teleportation {@r3}
 I - a scroll of holy word
 J - a scroll of silence
 Q - a scroll of blinking {unknown}
 Y - a scroll of identify {@r1}
Potions
 e - a potion of resistance {@q5}
 f - 8 potions of curing {@q1}
 i - 5 potions of mutation
 m - 6 potions of lignification
 p - 4 potions of magic
 q - 7 potions of haste {@q4}
 r - a potion of ambrosia
 x - 6 potions of brilliance {unknown}
 A - 2 potions of invisibility {unknown}
 N - 2 potions of degeneration {unknown}
 R - 2 potions of heal wounds {@q2}
 S - a potion of cancellation
 U - 2 potions of attraction {unknown}
Miscellaneous
 B - a tin of tremorstones (2/2)
 G - a phantom mirror
 L - a box of beasts


   Skills:
 - Level 15.1 Fighting
 - Level 16.2 Axes
 - Level 15.6 Armour
 - Level 1.3 Dodging
 - Level 15.0 Shields
 + Level 23.3 Invocations
 - Level 10.0 Evocations


You had 18 spell levels left.
You didn't know any spells.
Your spell library was empty.

Dungeon Overview and Level Annotations

Branches:
Dungeon (15/15)            Temple (1/1) D:4            Lair (4/6) D:11
 Shoals (4/4) Lair:4        Snake (4/4) Lair:3          Orc (2/2) D:10
    Elf (0/3) Orc:2        Vaults (0/5) D:14         Depths (5/5) D:15
 Bailey (visited)           IceCv (visited)
    Zot: Depths:5

Altars:
Ashenzari
Cheibriados
Dithmenos
Elyvilon
Fedhas
Gozag
Hepliaklqana
Kikubaaqudgha
Makhleb
Nemelex Xobeh
Okawaru
Qazlal
Ru
Sif Muna
Trog
Uskayaw
Vehumet
Wu Jian
Xom
Yredelemnul
Zin
The Shining One
Beogh

Shops:
D:6 *   D:9 [   D:13 [!(   Orc:2 [[=(   Depths:2 *   Depths:5 :

Portals:
Abyss: Depths:4
Pandemonium: Depths:5
Ziggurat: Depths:2

Annotations:
D:14 Louise
Lair:2 exclusion: oklob plant
Depths:4 1 exclusion


Innate Abilities, Weirdness & Mutations

You are resistant to damage.
You can heal yourself by infusing magical energy.
You resist negative energy. (rN+)
You passively map a large area around you.
You do not regenerate.


Message History

Lightning courses through the yellow draconian!!
You kill the yellow draconian!
Makhleb accepts your kill.
No target in view!
No target in view!
No target in view!
No target in view!
No target in view!
No target in view!
No target in view!
No target in view!
No target in view!
No target in view!
No target in view!
No target in view!
No target in view!
No target in view!
No target in view!
A purple draconian comes into view.
It is wielding a +2 hand axe of freezing.
The purple draconian roars!
Things that are here:
a +0 dire flail; a +0 war axe of electrocution; a yellow draconian corpse You rampage towards the purple draconian!
An ettin comes into view.
It is wielding a +0 dire flail and a +0 great mace.
The ettin shouts in stereo!
The purple draconian breathes dispelling energy at you.
The bolt of dispelling energy hits you!
You rampage towards the purple draconian!
You slash the purple draconian!
The purple draconian is lightly wounded.
You closely miss the purple draconian.
The purple draconian is lightly wounded.
You block the purple draconian's attack.
Your magical essence is drained by the effort!
You feel much better.
The purple draconian breathes dispelling energy at you.
The bolt of dispelling energy hits you!!
You slash the purple draconian!
The purple draconian is moderately wounded.
You block the purple draconian's attack.
You hit the purple draconian but do no damage.
The purple draconian is moderately wounded.
You slash the purple draconian!
The purple draconian is moderately wounded.
You block the purple draconian's attack.
You slash the purple draconian!
The purple draconian is heavily wounded.
The purple draconian breathes dispelling energy at you.
The bolt of dispelling energy hits you!!!
* * * LOW HITPOINT WARNING * * *
You are too injured to fight recklessly!
You are too injured to fight recklessly!
You are too injured to fight recklessly!
You are too injured to fight recklessly!
You are too injured to fight recklessly!
You are too injured to fight recklessly!
You are too injured to fight recklessly!
You are too injured to fight recklessly!
You are too injured to fight recklessly!
You are too injured to fight recklessly!
You are too injured to fight recklessly!
You are too injured to fight recklessly!
You are too injured to fight recklessly!
You are too injured to fight recklessly!
You are too injured to fight recklessly!
You are too injured to fight recklessly!
You are too injured to fight recklessly!
You are too injured to fight recklessly!
Your magical essence is drained by the effort!
You feel much better.
The purple draconian breathes dispelling energy at you.
The bolt of dispelling energy hits you!!
* * * LOW HITPOINT WARNING * * *
You hit the purple draconian but do no damage.
The purple draconian is heavily wounded.
You slash the purple draconian!
The purple draconian is severely wounded.
The purple draconian hits you but does no damage.
You slash the purple draconian!
Lightning courses through the purple draconian!
The purple draconian is almost dead.
The purple draconian hits you but does no damage.
You slice the purple draconian!!
Lightning courses through the purple draconian!
You kill the purple draconian!
Makhleb accepts your kill.
You feel better.
You rampage towards the ettin!
You barely miss the ettin.
The ettin hits you with a +0 dire flail!!
* * * LOW HITPOINT WARNING * * *
You block the ettin's attack.
You hit the ettin but do no damage. You hit the ettin but do no damage.
The ettin hits you with a +0 dire flail!
* * * LOW HITPOINT WARNING * * *
The ettin hits you with a +0 great mace!!
* * * LOW HITPOINT WARNING * * *
You barely miss the ettin.
The ettin hits you with a +0 dire flail!
You die...

.............#, * ** * *
.............# ** ≈ , ,
..<.()########### ## # *
, ..)...# ####.##.##.##.
* ,*****
......###............ **
, ......'...≈≈.▓▓.§≈.▓ ,
,,*,,
......'...≈≈.▓▓.≈≈.▓ +,,
,
......'...≈≈.▓▓.≈≈.▓▓..#
* ,,
......###..)..$.@C......
, , ......#
####.##.##.##.##
......####*###### *# * ,
.........# * * , *
.........#, , *
.........# , , , ,* , ,,
.........# ,,,* ,, *,
,*** .........# * , ,
.........+, , + , , **


You could see an ettin.

Vanquished Creatures
  Saint Roka (Depths:2)
  A bone dragon (D:11)
  A lich (Depths:4)
  2 tentacled monstrosities (Depths:4)
  A titan (Depths:4)
  Rupert (Lair:3)
  A quicksilver dragon (Depths:4)
  A sphinx (Depths:4)
  6 tentacled starspawn
  Kirke (Lair:4)
  2 tengu reavers (Depths:4)
  A shadow dragon (Depths:4)
  8 nagarajas (Snake:4)
  A deep elf sorcerer (Depths:4)
  2 iron dragons
  Aizul (Snake:4)
  An orc warlord (Orc:2)
  4 frost giants
  2 very ugly things (Depths:4)
  7 stone giants
  A deep elf demonologist (Depths:4)
  A white draconian (Depths:5)
  A yellow draconian (Depths:5)
  6 spark wasps
  2 purple draconians (Depths:5)
  Snorg (Lair:3)
  A blizzard demon (Abyss:3)
  A deep elf death mage (Depths:4)
  2 merfolk javelineers (Shoals:4)
  3 ettins
  2 merfolk impalers (Shoals:4)
  6 fire dragons
  3 yaktaur captains
  4 rakshasas
  2 ice dragons (Depths:5)
  4 great orbs of eyes
  2 hydras
  A spriggan air mage (Depths:5)
  9 naga warriors
  6 vault guards (D:14)
  2 alligator snapping turtles
  An alligator (shapeshifter) (Depths:4)
  2 boulder beetles
  12 two-headed ogres
  An anaconda (Snake:4)
  2 merfolk aquamancers (Shoals:4)
  4 merfolk avatars
  3 ogre magi
  A satyr (Shoals:4)
  3 death yaks (IceCv)
  3 deep troll shamans (Depths:4)
  A vampire mage (Depths:4)
  A deep troll earth mage (Depths:4)
  6 tengu warriors
  6 naga sharpshooters (Snake:4)
  A thrashing horror (Abyss:3)
  A spriggan berserker (Depths:4)
  A wretched star (Abyss:3)
  A fire crab (shapeshifter) (D:15)
  6 hell knights
  2 glowing orange brains (Depths:4)
  3 skeletal warriors (D:12)
  4 unseen horrors
  22 starcursed masses (Abyss:3)
  4 sea snakes
  8 deep trolls
  A naga ritualist (Snake:4)
  3 wizards (D:15)
  5 necromancers
  3 mana vipers
  Pikel (D:6)
  13 large abominations
  A wolf spider zombie (D:14)
  7 harpies
  2 orb spiders (Abyss:2)
  A mana viper (shapeshifter) (D:14)
  2 fauns (Shoals:4)
  4 orc sorcerers
  4 cyclopes
  6 elephants (Lair:3)
  A worldbinder (Abyss:3)
  An oklob plant (D:11)
  3 salamanders
  5 ugly things
  2 merfolk sirens
  6 manticores
  8 black mambas
  An ice statue (IceCv)
  11 naga magi
  15 guardian serpents
  5 smoke demons (Abyss:3)
  Psyche (D:11)
  7 gargoyles
  Maggie (D:8)
  5 cane toads
  2 rime drakes (IceCv)
  3 komodo dragons
  15 yaktaurs (Depths:4)
  3 ancient zymes
  A hellwing (Abyss:3)
  An ice devil (Abyss:2)
  12 polar bears
  A tengu conjurer (Depths:4)
  12 trolls
  5 wind drakes
  A hornet (D:8)
  Grinder (D:5)
  2 merfolk (Shoals:4)
  A raiju (Abyss:3)
  3 snapping turtles
  4 dream sheep (Shoals:4)
  10 slime creatures (Depths:4)
  A meliai zombie (D:12)
  4 water elementals
  A shadow (D:14)
  2 wraiths
  A wyvern (D:13)
  6 hogs (Lair:4)
  A basilisk (Lair:2)
  36 yaks
  A fire bat (Abyss:3)
  A steam dragon (Lair:3)
  A chaos spawn (Abyss:3)
  3 neqoxecs
  A golden eye (Abyss:3)
  A warg (Orc:2)
  2 vampire mosquitoes (D:12)
  22 nagas
  10 small abominations
  A floating eye (Depths:4)
  3 water moccasins
  A floating eye (shapeshifter) (Depths:4)
  24 orc warriors
  5 sky beasts
  2 black bears
  2 eyes of draining
  14 ice beasts
  A phantom (D:7)
  20 wolves
  23 ogres
  15 boggarts
  11 centaurs
  A manticore skeleton (Abyss:3)
  12 bullfrogs
  A wyvern skeleton (D:12)
  An earth elemental (Abyss:3)
  A scorpion (D:10)
  30 killer bees
  21 wights
  3 vampire bats
  4 howler monkeys
  A bullfrog zombie (D:6)
  A quasit (Abyss:3)
  15 orc priests
  3 centaur skeletons
  2 hounds
  4 jellies
  11 orc wizards
  3 bullfrog skeletons
  3 iguanas
  7 worker ants
  9 adders
  12 gnolls
  6 white imps
  4 ufetubi
  An adder skeleton (D:4)
  3 worms
  3 leopard geckos
  81 orcs
  A ball python (D:7)
  8 bats
  3 giant cockroaches
  7 goblins
  2 hobgoblins (D:3)
  17 jackals
  5 quokkas
  3 frilled lizards
  3 kobolds
  A leopard gecko zombie (D:6)
  A quokka skeleton (D:5)
  A quokka zombie (D:5)
  4 rats
  A lurking horror (Abyss:2)
  4 starspawn tentacles
926 creatures vanquished.

Vanquished Creatures (collateral kills)
  An ancient lich (Abyss:3)
  A bone dragon (Abyss:3)
  7 nagarajas (Snake:4)
  A merfolk javelineer (Shoals:4)
  3 merfolk impalers (Shoals:4)
  5 naga warriors (Snake:4)
  A merfolk aquamancer (Shoals:4)
  A satyr (Shoals:4)
  A merfolk avatar (Shoals:4)
  A two-headed ogre (Orc:2)
  4 naga sharpshooters (Snake:4)
  3 thrashing horrors (Abyss:3)
  A wretched star (Abyss:3)
  2 sea snakes (Shoals:4)
  A death drake (Abyss:3)
  A manticore (Shoals:4)
  2 fauns (Shoals:4)
  2 cyclopes (Shoals:4)
  2 merfolk sirens (Shoals:4)
  2 guardian serpents (Snake:4)
  3 water nymphs (Shoals:4)
  2 smoke demons (Abyss:3)
  2 merfolk (Shoals:4)
  2 trolls (Orc:2)
  A wind drake (Shoals:4)
  A dream sheep (Shoals:4)
  2 raiju (Abyss:3)
  2 snapping turtles (Shoals:4)
  A hydra skeleton (Abyss:3)
  A water elemental (Shoals:4)
  A large abomination (Abyss:3)
  A chaos spawn (Abyss:3)
  4 nagas (Snake:4)
  An orc warrior (Orc:2)
  6 ogres (Orc:2)
  An orc (Orc:2)
  A plant (Shoals:4)
74 creatures vanquished.

Vanquished Creatures (others)
  A fire giant (Depths:5)
  A black draconian (Abyss:3)
  A water nymph (Shoals:4)
  A water elemental (Shoals:4)
  2 nagas (Snake:4)
  An orc warrior (D:7)
  An eye of draining (Abyss:3)
  A wolf (IceCv)
  An orc priest (Orc:2)
  A bush (D:6)
  5 fungi
  19 plants
  14 starspawn tentacles
49 creatures vanquished.

Grand Total: 1049 creatures vanquished

Notes
Turn   | Place    | Note
-------+----------+-------------------------------------------
     0 | D:1      | EnegeticOcto the Deep Dwarf Fighter began the quest for the
                  | Orb.
     0 | D:1      | Reached XP level 1. HP: 20/20 MP: 1/1
   453 | D:2      | Reached XP level 2. HP: 22/27 MP: 2/2
   527 | D:3      | Reached XP level 3. HP: 17/33 MP: 3/3
   746 | D:3      | Reached XP level 4. HP: 30/42 MP: 4/4
   986 | D:4      | Reached XP level 5. HP: 44/49 MP: 4/4
  1155 | D:4      | Found a staircase to the Ecumenical Temple.
  1429 | D:5      | Entered Level 5 of the Dungeon
  1531 | D:5      | Noticed an ogre
  1547 | D:5      | Killed an ogre
  1548 | D:5      | Reached XP level 6. HP: 35/57 MP: 5/5
  1571 | D:5      | Reached skill level 5 in Axes
  1618 | D:5      | Noticed Grinder
  1628 | D:5      | Paralysed by Grinder for 2 turns
  1640 | D:5      | Killed Grinder
  1641 | D:5      | Reached skill level 5 in Armour
  1641 | D:5      | Reached skill level 5 in Shields
  1641 | D:5      | Reached XP level 7. HP: 58/64 MP: 6/6
  2074 | Temple   | Entered the Ecumenical Temple
  2337 | Temple   | Became a worshipper of Makhleb the Destroyer
  2404 | D:6      | Reached skill level 1 in Invocations
  2520 | D:6      | Noticed Pikel
  2543 | D:6      | Noticed a troll
  2550 | D:6      | Killed Pikel
  2551 | D:6      | Reached skill level 3 in Invocations
  2551 | D:6      | Reached XP level 8. HP: 43/73 MP: 6/8
  2604 | D:6      | Killed a troll
  2605 | D:6      | Reached skill level 5 in Fighting
  2628 | D:6      | Killed an unseen horror
  2629 | D:6      | Reached skill level 4 in Invocations
  2629 | D:6      | Gained mutation: You passively map the area around you.
                  | [Deep Dwarf growth]
  2629 | D:6      | Reached XP level 9. HP: 58/81 MP: 5/7
  2868 | D:6      | Found Foker's General Store.
  2887 | D:6      | Bought a scroll of summoning for 104 gold pieces
  3108 | D:6      | Found a stormy altar of Qazlal.
  3127 | D:6      | Reached * piety under Makhleb
  3508 | D:7      | Noticed a gargoyle
  3527 | D:7      | Reached skill level 5 in Invocations
  3536 | D:7      | Killed a gargoyle
  3578 | D:7      | Paralysed by an orc for 4 turns
  3585 | D:7      | Found a shimmering altar of Xom.
  3681 | D:7      | Found a flagged portal.
  3686 | Bailey   | Entered a bailey
  3686 | Bailey   | Noticed an orc knight
  4176 | D:7      | Reached ** piety under Makhleb
  4360 | D:8      | Reached skill level 6 in Invocations
  4360 | D:8      | Reached XP level 10. HP: 80/91 MP: 8/8
  4448 | D:8      | Found a runed translucent door.
  4532 | D:8      | Reached skill level 10 in Axes
  4761 | D:8      | Noticed Maggie
  4774 | D:8      | Killed Maggie
  5070 | D:8      | Reached *** piety under Makhleb
  5124 | D:8      | Found a roughly hewn altar of Beogh.
  5174 | D:9      | Reached skill level 7 in Invocations
  5242 | D:9      | Found Megirudy's Antique Armour Emporium.
  5277 | D:9      | Bought a glowing kite shield for 157 gold pieces
  5277 | D:9      | Bought an embroidered cloak for 157 gold pieces
  5451 | D:9      | Noticed a manticore
  5464 | D:9      | Killed a manticore
  5478 | D:9      | You fall into a shaft and drop 1 floor!
  5478 | D:10     | Entered Level 10 of the Dungeon
  5728 | D:9      | Got a jewelled helmet
  5738 | D:9      | Identified the +1 helmet of Oschodimu {-Tele rPois Regen+
                  | Str+3} (You found it on level 9 of the Dungeon)
  5890 | D:10     | Reached XP level 11. HP: 83/100 MP: 9/9
  5952 | D:10     | Reached **** piety under Makhleb
  6004 | D:10     | Found a burning altar of Makhleb.
  6130 | D:10     | Found a staircase to the Orcish Mines.
  6285 | D:10     | Reached skill level 8 in Invocations
  6582 | D:11     | Found a staircase to the Lair.
  6594 | D:11     | Noticed an oklob plant
  6608 | D:11     | Killed an oklob plant
  6700 | D:11     | Noticed Psyche
  6715 | D:11     | Cast into level 2 of the Abyss (Psyche)
  6718 | Abyss:2  | Found a corrupted altar of Lugonu.
  6722 | Abyss:2  | Found a snail-covered altar of Cheibriados.
  6770 | Abyss:2  | Noticed a large abomination
  6780 | Abyss:2  | Killed a large abomination
  6800 | Abyss:2  | Noticed an orb spider
  6807 | Abyss:2  | Noticed an orb spider
  6833 | Abyss:2  | Killed an orb spider
  6834 | Abyss:2  | Reached skill level 9 in Invocations
  6835 | Abyss:2  | Killed an orb spider
  6873 | Abyss:2  | Noticed a tentacled starspawn
  6880 | Abyss:2  | HP: 5/103 [tentacled starspawn (5)]
  6888 | Abyss:2  | Killed a tentacled starspawn
  6940 | Abyss:2  | Noticed a bone dragon
  6952 | Abyss:2  | Reached ***** piety under Makhleb
  6953 | Abyss:2  | Reached XP level 12. HP: 24/110 MP: 10/10
  6955 | D:11     | Escaped the Abyss
  6991 | D:11     | Killed a bone dragon
  6995 | D:11     | Killed Psyche
  7089 | D:11     | Found a frozen archway.
  7099 | D:11     | Reached skill level 10 in Invocations
  7105 | D:11     | Reached skill level 10 in Armour
  7128 | IceCv    | Entered an ice cave
  7144 | IceCv    | Reached skill level 10 in Shields
  7347 | IceCv    | Noticed a death yak
  7347 | IceCv    | Noticed a death yak
  7365 | IceCv    | Killed a death yak
  7376 | IceCv    | Killed a death yak
  7561 | IceCv    | Noticed a frost giant
  7561 | IceCv    | Noticed a death yak
  7578 | IceCv    | Killed a death yak
  7600 | IceCv    | Killed a frost giant
  7601 | IceCv    | Reached skill level 11 in Invocations
  7601 | IceCv    | Reached XP level 13. HP: 87/121 MP: 8/8
  8542 | Orc:1    | Entered Level 1 of the Orcish Mines
  8548 | Orc:1    | Reached ****** piety under Makhleb
  8669 | Orc:1    | Found a roughly hewn altar of Beogh.
  9024 | Orc:2    | Entered Level 2 of the Orcish Mines
  9024 | Orc:2    | Found Plog's Jewellery Shop.
  9037 | Orc:2    | Reached skill level 12 in Invocations
  9073 | Orc:2    | Found Tatwedy's Armour Boutique.
  9097 | Orc:2    | Reached skill level 15 in Axes
  9097 | Orc:2    | Reached skill level 13 in Invocations
  9124 | Orc:2    | Found Ugewism's Antique Armour Shoppe.
  9133 | Orc:2    | Found Poryhar's Weapon Boutique.
  9135 | Orc:2    | Bought a crude chain mail for 256 gold pieces
  9145 | Orc:2    | Identified the cursed +1 chain mail of the Present {Dex+3}
                  | (You bought it in a shop on level 2 of the Orcish Mines)
  9158 | Orc:2    | Found a staircase to the Elven Halls.
  9175 | Orc:2    | Bought a shiny chain mail for 202 gold pieces
  9201 | Orc:2    | Bought a +2 helmet of see invisible for 301 gold pieces
  9332 | Orc:2    | Paralysed by an orc sorcerer for 4 turns
  9336 | Orc:2    | Noticed an orc warlord
  9345 | Orc:2    | Gained mutation: You resist negative energy. (rN+) [Deep
                  | Dwarf growth]
  9345 | Orc:2    | Reached XP level 14. HP: 89/130 MP: 7/7
  9387 | Orc:2    | Killed an orc warlord
  9713 | Lair:1   | Entered Level 1 of the Lair of Beasts
  9856 | Lair:1   | Identified the -4 pair of gloves "Appuecso" {rC+ Str+2
                  | Int-5} (You found it on level 1 of the Lair of Beasts)
 10909 | Lair:2   | Identified a scroll of acquirement
 10910 | Lair:2   | Acquired a manual of Invocations
 10954 | Lair:3   | Noticed Snorg
 10965 | Lair:3   | Killed Snorg
 11127 | Lair:3   | Reached skill level 10 in Fighting
 11138 | Lair:3   | Reached skill level 14 in Invocations
 11194 | Lair:3   | Found a staircase to the Snake Pit.
 11460 | Lair:3   | Noticed Rupert
 11473 | Lair:3   | Killed Rupert
 11908 | Lair:4   | Noticed Kirke
 11923 | Lair:4   | Reached skill level 1 in Evocations
 11927 | Lair:4   | Killed Kirke
 12035 | Lair:4   | Found a staircase to the Shoals.
 12569 | D:13     | Found Zaituco's Weapon Shoppe.
 12632 | D:13     | Found Loezumy's Distillery.
 12647 | D:13     | Bought a potion of cancellation for 128 gold pieces
 12746 | D:13     | Reached skill level 15 in Invocations
 12749 | D:13     | Found Oliesud's Armour Boutique.
 12754 | D:13     | Bought a +2 pair of boots of rampaging for 279 gold pieces
 13091 | D:14     | Found a bloodstained altar of Trog.
 13185 | D:14     | Noticed Louise
 13195 | D:14     | Cast into level 3 of the Abyss (Louise)
 13198 | Abyss:3  | Found a corrupted altar of Lugonu.
 13255 | Abyss:3  | Noticed a starcursed mass
 13291 | Abyss:3  | Noticed a tentacled starspawn
 13298 | Abyss:3  | Killed a tentacled starspawn
 13357 | Abyss:3  | Noticed an ancient lich
 13414 | Abyss:3  | Killed an ancient lich
 13415 | Abyss:3  | Reached skill level 16 in Invocations
 13415 | Abyss:3  | Reached skill level 5 in Evocations
 13415 | Abyss:3  | Reached XP level 15. HP: 136/140 MP: 7/9
 13483 | Abyss:3  | Found a corrupted altar of Lugonu.
 13701 | Abyss:3  | Noticed a tentacled starspawn
 13712 | Abyss:3  | Killed a tentacled starspawn
 13764 | Abyss:3  | Noticed a tentacled starspawn
 13771 | Abyss:3  | Killed a tentacled starspawn
 13772 | Abyss:3  | Reached skill level 17 in Invocations
 13839 | Abyss:3  | Noticed a tentacled starspawn
 13853 | Abyss:3  | Killed a tentacled starspawn
 13867 | Abyss:3  | Found a corrupted altar of Lugonu.
 13867 | Abyss:3  | Noticed a tentacled starspawn
 13873 | Abyss:3  | Got an abyssal rune of Zot
 13873 | Abyss:3  | Paralysed by accursed screaming for 1 turns
 13884 | Abyss:3  | Killed a tentacled starspawn
 14058 | Abyss:3  | Noticed a bone dragon
 14063 | Abyss:3  | Reached skill level 18 in Invocations
 14103 | Abyss:3  | Killed a bone dragon
 14108 | D:14     | Escaped the Abyss
 14191 | D:14     | Found a gate to the Vaults.
 14428 | D:15     | Entered Level 15 of the Dungeon
 14460 | D:15     | Reached XP level 16. HP: 144/150 MP: 8/8
 14964 | D:15     | Reached skill level 19 in Invocations
 14964 | D:15     | Reached skill level 10 in Evocations
 14976 | D:15     | Found a staircase to the Depths.
 15279 | Snake:1  | Entered Level 1 of the Snake Pit
 15281 | Snake:1  | Found a shadowy altar of Dithmenos.
 15452 | Snake:4  | Entered Level 4 of the Snake Pit
 15587 | Snake:4  | Noticed Aizul
 15613 | Snake:4  | Killed Aizul
 15628 | Snake:4  | Reached skill level 20 in Invocations
 15920 | Snake:4  | Reached XP level 17. HP: 162/162 MP: 9/9
 15983 | Snake:4  | Got a serpentine rune of Zot
 16059 | Shoals:1 | Entered Level 1 of the Shoals
 16336 | Shoals:3 | Reached skill level 21 in Invocations
 16348 | Shoals:4 | Entered Level 4 of the Shoals
 16400 | Shoals:4 | Found the +8 trident of the Octopus King {venom, rElec
                  | rPois Will+}
 16569 | Shoals:4 | Got a barnacled rune of Zot
 16864 | Depths:1 | Entered Level 1 of the Depths
 17032 | Depths:2 | Found Ofops's Assorted Antiques.
 17035 | Depths:2 | Bought a steaming broad axe for 234 gold pieces
 17035 | Depths:2 | Identified the +5 broad axe of Qaarchoc {speed, rN+ Will-
                  | Str+4} (You bought it in a shop on level 2 of the Depths)
 17042 | Depths:2 | Found a gateway to a ziggurat.
 17044 | Depths:2 | Noticed Saint Roka
 17091 | Depths:2 | Killed Saint Roka
 17308 | Depths:4 | Gained mutation: You passively map a large area around you.
                  | [Deep Dwarf growth]
 17308 | Depths:4 | Reached XP level 18. HP: 156/174 MP: 5/5
 17324 | Depths:4 | HP: 1/174 [stone giant (19)]
 17400 | Depths:4 | Reached skill level 22 in Invocations
 17641 | Depths:4 | Noticed a lich
 17664 | Depths:4 | Killed a lich
 17665 | Depths:4 | Reached skill level 15 in Armour
 17668 | Depths:4 | Reached skill level 15 in Shields
 17694 | Depths:4 | Noticed a tentacled monstrosity
 17718 | Depths:4 | Killed a tentacled monstrosity
 17850 | Depths:4 | Identified the amulet of Wonder {Spirit rF+} (You found it
                  | on level 4 of the Depths)
 17855 | Depths:4 | Identified the Guide on the Torrid Entourage
 17992 | Depths:4 | You fall into a shaft and drop 1 floor!
 17992 | Depths:5 | Entered Level 5 of the Depths
 17998 | Depths:5 | Found a one-way gate leading to the halls of Pandemonium.
 18001 | Depths:5 | Found an iron altar of Okawaru.
 18065 | Depths:4 | Noticed a tentacled monstrosity
 18075 | Depths:4 | Killed a tentacled monstrosity
 18110 | Depths:4 | Reached skill level 23 in Invocations
 18403 | Depths:4 | Found a one-way gate to the infinite horrors of the Abyss.
 18515 | Depths:4 | Reached XP level 19. HP: 104/184 MP: 5/5
 18608 | Depths:4 | Reached skill level 15 in Fighting
 18706 | Depths:5 | HP: 9/186 [ettin/+0 dire flail (21)]
 18808 | Depths:5 | Found Guottuck's One-of-a-Kind Books.
 18888 | Depths:5 | Reached skill level 1 in Dodging
 18939 | Depths:5 | HP: 6/186 [ettin/+0 dire flail (28)]
 18940 | Depths:5 | Slain by an ettin

Illustrated notes

Levels and vault maps discovered:
D:1:      lightli_arrival_maybe_door_vault, layout_basic,
          minmay_worlds_worst_comb
D:2:      minmay_door_path, layout_loops_corners
D:3:      layout_basic
D:4:      layout_cave_pools, minmay_temple_entry_metal_lava
D:5:      layout_cave_pools, serial_co_window_serial, co_window_paths_a,
          co_window_paths_b, co_window_paths_a, co_window_corner_a,
          co_window_corner_a, co_window_2corner, co_window_corner_ca,
          co_window_broadway_b, co_window_of_opportunity_b, glass_columns_b,
          st_stairs_10, uniq_grinder
D:6:      minmay_chambers_of_sixes, layout_basic, serial_shops, shop,
          kb_lookout_dungeons_type, grunt_qazlal_sundering, uniq_pikel
D:7:      layout_loops_ring, enter_bailey_3, tgw_xom
D:8:      layout_loops_ring, lightli_church_of_beogh, uniq_maggie
D:9:      layout_rooms, serial_shops, shop, serial_park_tiny_pond, st_stairs_14
D:10:     layout_irregular_city, orc_0_dummy, basic_altar
D:11:     layout_loops_ring, dpeg_oklobed_lair,
          portal_ice_cave_entry_ice_beasts, uniq_psyche
D:12:     layout_loops_ring
D:13:     layout_basic, serial_shops, shop, shop, shop
D:14:     layout_stronghold, erik_vaults_2, minmay_misc_feat_columns,
          basic_altar, uniq_louise
D:15:     grunt_enter_depths_magical_seal, layout_small_grid, roderic_batcave,
          hangedman_decor_lopped
Temple:   regret_index_temple_sigil_plot
Lair:1:   minmay_lair_venomous_thicket, layout_regular_city,
          minmay_lair_oklob_bushes
Lair:2:   layout_layer_cave, chequers_serial_rivers_micro_d, grunt_megastairs_4,
          minmay_lair_oklob_chamber, infiniplex_staircase_pool
Lair:3:   layout_roguey, minmay_snake_entry_guardpost_medium, st_stairs_10,
          grunt_megastairs_3, infiniplex_staircase_pool_2, uniq_rupert,
          uniq_snorg
Lair:4:   layout_regular_city, elwin_shoals_entry_rocks, uniq_kirke
Shoals:1: cheibrodos_shoals_baths, layout_shoals,
          gammafunk_ghost_berserking_beasts, nicolae_shoals_loop_pool
Shoals:2: layout_shoals
Shoals:3: cheibrodos_shoals_gigantism, layout_shoals,
          amcnicky_altar_lugonu_corruption
Shoals:4: shoals_end_hangedman, layout_shoals, overgrown_tower
Snake:1:  cheibrodos_snake_lava_hold, layout_chambers, basic_altar,
          serial_shops, shop
Snake:2:  layout_honeycomb, serial_shops, shop
Snake:3:  layout_misc_corridors
Snake:4:  snake_hunt, layout_layer_cave, serial_shops, shop_fountains,
          grunt_megastairs_2, uniq_aizul
Orc:1:    layout_diamond_mine, basic_altar, nicolae_orc_damp_corner
Orc:2:    st_orc_open, layout_caves
Depths:1: kennysheep_snake, layout_gridlike, pf_coc_iceberg,
          marbit_kobold_abyss_entry, serial_sigils_hangedman_carve,
          lemuel_nasty_fountain
Depths:2: gammafunk_its_a_trap, layout_honeycomb, enter_ziggurat_b,
          abyss_entry_flame_altar, hex_medium, hell_entry, serial_shops,
          kennysheep_mini, evilmike_ambush [evilmike_ambush_outer_basic,
          evilmike_ambush_inner_cross], infiniplex_staircase_zigzag_2,
          uniq_enchantress, uniq_saint_roka
Depths:3: minmay_diamond_stairs, layout_cave_pools,
          chequers_serial_rivers_large_a, grunt_pan_entry_zigzag, serial_shops,
          nicolae_shop_stone, hell_entry, grunt_ministairs_10
Depths:4: minmay_the_grid_octo_tiled_octocenter
          [minmay_the_grid_octo_fat_diamond, minmay_the_grid_octo_teeth,
          minmay_the_grid_octo_clover, minmay_the_grid_octo_77,
          minmay_the_grid_octo_prize_square_snowflake,
          minmay_the_grid_square_5x5_inner_i,
          minmay_the_grid_square_5x5_three_walls,
          minmay_the_grid_square_5x5_n_small,
          minmay_the_grid_square_5x5_spiral_small], layout_cave_shapes,
          lightli_too_deep, abyss_entry_small_statue_room, serial_bayou_shore_b,
          infiniplex_staircase_river, serial_bayou_shore_b, firewood_loft
Depths:5: evilmike_zot_entry_hall, layout_gridlike, hell_entry, serial_shops,
          shop_fountains, okawaru_ov_weapons_minmay, pan_entry,
          nicolae_rare_books, hangedman_decor_diamond_cutter,
          minmay_shop_mayhem, serial_bayou_shore_b

Skill      XL: |  1  2  3  4  5  6  7  8  9 10 11 12 13 14 15 16 17 18 19 |
---------------+----------------------------------------------------------+-----
Axes           | 3 4 5 7 8 9 11 12 13 15 16 | 16.2
Fighting       | 3 4 5 6 7 8 9 10 11 12 13 14 15 | 15.1
Armour         | 4 5 6 7 8 9 10 11 12 13 14 15 | 15.6
Shields        | 4 5 6 7 8 9 10 11 12 13 14 15 | 15.0
Invocations    | 3 4 6 7 9 11 13 16 18 20 21 23 | 23.3
Evocations     | 5 9 10 | 10.0
Dodging        | 1 |  1.3

Action                   |  1- 3 |  4- 6 |  7- 9 | 10-12 | 13-15 | 16-18 | 19-21 || total
-------------------------+-------+-------+-------+-------+-------+-------+-------++-------
Melee: War axe           |    63 |   120 |   349 |   104 |  1012 |   671 |    90 ||  2409
       Broad axe         |       |       |       |   682 |   177 |   496 |    41 ||  1396
Invok: Lesser Servant of |       |       |       |     1 |     1 |     2 |       ||     4
       Greater Servant o |       |       |       |       |     5 |     7 |       ||    12
 Abil: Heal Wounds       |     1 |     6 |    22 |    33 |    34 |    22 |    12 ||   130
Evoke: Wand              |       |       |       |       |     6 |     8 |     2 ||    16
       Tin of tremorston |       |       |       |       |       |     6 |       ||     6
  Use: Scroll            |       |     1 |    10 |     9 |    17 |     4 |       ||    41
       Potion            |       |       |       |     1 |     1 |     4 |       ||     6
 Stab: Distracted        |       |       |       |       |     2 |     5 |       ||     7
Armor: Scale mail        |    31 |    56 |    54 |       |       |       |       ||   141
       Plate armour      |       |       |    94 |   433 |   197 |       |       ||   724
       Chain mail        |       |       |       |       |   420 |   578 |    41 ||  1039
Dodge: Dodged            |    22 |    53 |   142 |   361 |   456 |   295 |     9 ||  1338
Block: Kite shield       |    44 |   105 |   298 |   776 |   949 |   922 |    61 ||  3155
